 Dungeon Crawl Stone Soup version 0.27-a0-1281-ge233d83751 (webtiles) character file.

Game seed: 11468174020817623883

67 rabbitsville the Gusty (level 4, 0/24 HPs)
             Began as a Tengu Air Elementalist on June 13, 2021.
             Slain by a bullfrog zombie (5 damage)
             ... on level 3 of the Dungeon.
             The game lasted 00:24:23 (2821 turns).

rabbitsville the Gusty (Tengu Air Elementalist)     Turns: 2821, Time: 00:24:24

Health: 0/24       AC:  2    Str:  8    XL:     4   Next: 16%
Magic:  6/8        EV: 12    Int: 17    God:
Gold:   61         SH:  0    Dex: 14    Spells: 5/8 levels left

rFire    . . .     SeeInvis .   g - +0 dagger (venom)
rCold    . . .     Faith    .   (no shield)
rNeg     . . .     Spirit   .   a - +0 robe
rPois    .         Reflect  .   (helmet restricted)
rElec    .         Harm     .   (no cloak)
rCorr    +         Rampage  .   (no gloves)
Will     .....                  (boots unavailable)
Stlth    ++........             (no amulet)
HPRegen  0.08/turn              d - ring of resist corrosion
MPRegen  0.11/turn              (no ring)

@: about to teleport
A: beak, talons 3
a: no special abilities


You were on level 3 of the Dungeon.
You visited 1 branch of the dungeon, and saw 3 of its levels.

You collected 61 gold pieces.

Inventory:

Hand Weapons
 c - a +0 dagger
 g - a +0 dagger of venom (weapon)
Armour
 a - a +0 robe (worn)
Jewellery
 d - a ring of resist corrosion (left hand)
Scrolls
 b - 3 scrolls of identify {unknown}
Potions
 e - a potion of resistance {unknown}


   Skills:
 - Level 2.1 Dodging
 - Level 2.0 Stealth
 + Level 2.6 Spellcasting
 + Level 2.8 Conjurations
 * Level 5.3 Air Magic


You had 5 spell levels left.
You knew the following spells:

 Your Spells              Type           Power      Damage    Failure   Level
a - Shock                 Conj/Air       64%        1d7       3%          1
b - Static Discharge      Conj/Air       16%        N/A       4%          2

Your spell library contained the following spells:

 Spells                   Type           Power      Damage    Failure   Level
 Swiftness                Air            20%        N/A       6%          3
 Summon Small Mammal      Summ           8%         N/A       19%         1
 Airstrike                Air            10%        N/A       21%         4
 Call Imp                 Summ           2%         N/A       28%         2
 Call Canine Familiar     Summ           2%         N/A       50%         3
 Confusing Touch          Hex            2%         N/A       50%         3
 Gell's Gravitas          Tloc           1%         N/A       50%         3
 Summon Guardian Golem    Hex/Summ       2%         N/A       50%         3
 Summon Lightning Spire   Summ/Air       11%        N/A       52%         4
 Lightning Bolt           Conj/Air       8%         1d20      67%         5
 Petrify                  Tmut/Erth      2%         N/A       88%         4
 Summon Ice Beast         Ice/Summ       2%         N/A       88%         4
 Metabolic Englaciation   Hex/Ice        1%         N/A       99%         5
 Yara's Violent Unravell  Hex/Tmut       1%         3d3       99%         5


Dungeon Overview and Level Annotations

Branches:
Dungeon (3/15)

Altars:
Ashenzari
Hepliaklqana


Innate Abilities, Weirdness & Mutations

You have a beak for a mouth.
You have claws for feet.


Message History

Casting: Shock (safe; 3% risk of failure)
Confirm with . or Enter, or press ? or * to list all spells.
Aiming: Shock (safe; 3% risk of failure)
Press: ? - help, Shift-Dir - straight line, f/p - giant cockroach
Aim: a giant cockroach (heavily wounded, 71% to hit)
The zap hits the giant cockroach.
The giant cockroach is almost dead.
Casting: Shock (safe; 3% risk of failure)
Confirm with . or Enter, or press ? or * to list all spells.
Aiming: Shock (safe; 3% risk of failure)
Press: ? - help, Shift-Dir - straight line, f/p - giant cockroach
Aim: a giant cockroach (almost dead, 71% to hit)
The zap hits the giant cockroach.
You kill the giant cockroach!
You start resting.
Your magical contamination has completely faded away.
You start resting.
Magic restored.
You kneel at the altar of Ashenzari.
You see here a bat corpse.
A bullfrog zombie comes into view.
You barely miss the bullfrog zombie.
The bullfrog zombie completely misses you.
You closely miss the bullfrog zombie. The bullfrog zombie hits you.
Casting: Shock (safe; 3% risk of failure)
Confirm with . or Enter, or press ? or * to list all spells.
The bullfrog zombie is struck by an arc of lightning!
The bullfrog zombie is lightly damaged.
You are struck by an arc of lightning.
The lightning grounds out.
The bullfrog zombie hits you. x2
Press: ? - help, v - describe, . - travel The floor.
You barely miss the bullfrog zombie. Your kick misses the bullfrog zombie.
The bullfrog zombie is lightly damaged.
The bullfrog zombie hits you.
* * * LOW HITPOINT WARNING * * *
As you read the scroll labelled JEKHLE XOMONUO, it crumbles to dust.
You feel strangely unstable.
It was a scroll of teleportation.
The bullfrog zombie hits you.
You die...

.. ... #..........
#.#####.# #.........
##.#...Z.#####..###†#..
####..#.###....##..#
#....
.....#.###....##..###.#..
#..#.##..)..##........†
#.....†_......##.###..
#..##.Z...##.#.........
#.. #.@..###.####.###.#
.... #..[.# #.# # #.#
....# ####.....# #.#
##### #.##### #. ..# .##
. ##


You could see a bullfrog zombie.

Vanquished Creatures
  2 worms (D:3)
  2 dart slugs
  An orc (D:3)
  7 ball pythons
  4 endoplasms
  6 giant cockroaches
  3 hobgoblins
  2 jackals (D:2)
  3 kobolds
  3 quokkas
  5 bats
  4 frilled lizards
  4 goblins
  7 rats
53 creatures vanquished.

Notes
Turn   | Place    | Note
-------+----------+-------------------------------------------
     0 | D:1      | rabbitsville the Tengu Air Elementalist began the quest for
                  | the Orb.
     0 | D:1      | Reached XP level 1. HP: 10/10 MP: 4/4
   396 | D:1      | Reached XP level 2. HP: 15/15 MP: 3/6
  1162 | D:1      | Reached XP level 3. HP: 17/19 MP: 4/7
  1172 | D:1      | Learned a level 2 spell: Static Discharge
  1653 | D:2      | Reached skill level 5 in Air Magic
  2458 | D:3      | Found a hazy altar of Hepliaklqana.
  2473 | D:3      | Noticed a +0 falchion
  2474 | D:3      | Noticed a +0 short sword
  2474 | D:3      | Noticed a +0 spear
  2489 | D:3      | Reached XP level 4. HP: 16/24 MP: 0/8
  2728 | D:3      | Found a broken altar of Ashenzari.
  2821 | D:3      | Slain by a bullfrog zombie

Illustrated notes

Levels and vault maps discovered:
D:1:      dpeg_arrival_tiny_j, layout_loops_ring
D:2:      layout_loops_ring, minmay_unequal
D:3:      layout_loops_ring, nzn_hepliaklqana_mist_gate,
          nicolae_uskayaw_en_pointe, nicolae_overflow_crystal_walls,
          lemuel_crystal_altar

Skill      XL: |  1  2  3 |
---------------+----------+-----
Conjurations   | 2 |  2.8
Air Magic      | 5 |  5.3
Dodging        | |  2.1
Stealth        | |  2.0
Spellcasting   | |  2.6

Action                   |  1- 3 |  4- 6 || total
-------------------------+-------+-------++-------
Melee: Unarmed           |     4 |       ||     4
       Peck              |     8 |       ||     8
       Kick              |     4 |       ||     4
       Dagger            |    22 |     3 ||    25
 Cast: Shock             |    83 |    13 ||    96
       Static Discharge  |     5 |     1 ||     6
  Use: Scroll            |       |     1 ||     1
Armor: Robe              |     3 |       ||     3
Dodge: Dodged            |    28 |     1 ||    29

Table legend: (Time is in decaauts)
 A = Elapsed time spent in this place.
 B = Non-inter-level travel time spent in this place.
 C = Inter-level travel time spent in this place.
 D = Time resting spent in this place.
 E = Time spent auto-exploring this place.
 F = Levels seen in this place.
 G = Mean time per level.
                   A        B        C        D        E       F      G
               +--------+--------+--------+--------+--------+-----+--------+
         Total |   2821 |   2821 |      0 |   1332 |    103 |   3 |  940.3 |
       Dungeon |   2821 |   2821 |      0 |   1332 |    103 |   3 |  940.3 |
               +--------+--------+--------+--------+--------+-----+--------+

Top non-repeatable levels by time:
     D:1: 1540 daAuts
     D:3: 777 daAuts
     D:2: 503 daAuts
